 Dungeon Crawl Stone Soup version 0.27-a0-522-g46bbb28828 (webtiles) character file.

Game seed: 1481148499849745162

800 Anon1729 the Skirmisher (level 7, -2/61 HPs)
             Began as a Ghoul Fighter on Mar 6, 2021.
             Was an Initiate of Makhleb.
             Killed from afar by an orc wizard (9 damage)
             ... with a magic dart
             ... on level 5 of the Dungeon.
             The game lasted 00:05:53 (4819 turns).

Anon1729 the Skirmisher (Ghoul Fighter)             Turns: 4819, Time: 00:05:54

Health: -2/61      AC:  9    Str: 21    XL:     7   Next: 90%
Magic:  6/6        EV:  7    Int:  4    God:    Makhleb [......]
Gold:   219        SH:  9    Dex:  8    Spells: 6/6 levels left

rFire    . . .     SeeInvis .   a - +0 war axe
rCold    + . .     Faith    .   c - +0 kite shield
rNeg     + + +     Spirit   .   f - +0 scale mail
rPois    ∞         Reflect  .   (no helmet)
rElec    .         Harm     .   (no cloak)
rCorr    .         Rampage  .   t - +0 pair of gloves
Will     .....                  h - +0 pair of boots
Stlth    ..........             (no amulet)
HPRegen  0.00/turn              (no ring)
MPRegen  0.10/turn              (no ring)

@: no status effects
A: claws 1, cold resistance 1, negative energy resistance 3, inhibited
regeneration, torment resistance, unbreathing 1
a: Renounce Religion


You were on level 5 of the Dungeon.
You worshipped Makhleb.
Makhleb was noncommittal.
You visited 2 branches of the dungeon, and saw 6 of its levels.

You collected 219 gold pieces.

Inventory:

Hand Weapons
 a - a +0 war axe (weapon)
 b - a +3 hunting sling
Missiles
 i - 107 stones (quivered)
 j - 25 sling bullets
Armour
 c - a +0 kite shield (worn)
 f - a +0 scale mail (worn)
 g - a +0 buckler
 h - a +0 pair of boots (worn)
 t - a +0 pair of gloves (worn)
Wands
 m - a wand of polymorph (10)
Scrolls
 k - 7 scrolls of identify {unknown}
 l - a scroll of fog {unknown}
 o - 4 scrolls of teleportation {unknown}
 r - 2 scrolls of immolation {unknown}
 u - a scroll of random uselessness {unknown}
Potions
 d - a potion of magic {unknown}
 n - a potion of attraction {unknown}
 p - a potion of resistance {unknown}
 q - a potion of lignification {unknown}
 s - a potion of degeneration {unknown}


   Skills:
 + Level 5.3 Fighting
 * Level 5.2 Axes
 + Level 4.3 Armour
 + Level 4.3 Shields


You had 6 spell levels left.
You didn't know any spells.
Your spell library contained the following spells:

 Spells                   Type           Power        Failure   Level
 Metabolic Englaciation   Hex/Ice        0%           100%        5
 Freezing Cloud           Conj/Ice/Air   0%           100%        6
 Simulacrum               Ice/Necr       0%           100%        6
 Ozocubu's Refrigeration  Ice            0%           100%        7
 Ice Form                 Ice/Tmut       Unusable     N/A         4

Dungeon Overview and Level Annotations

Branches:
Dungeon (5/15)             Temple (1/1) D:4

Altars:
Ashenzari
Cheibriados
Dithmenos
Elyvilon
Fedhas
Gozag
Hepliaklqana
Kikubaaqudgha
Makhleb
Nemelex Xobeh
Okawaru
Qazlal
Ru
Sif Muna
Trog
Uskayaw
Vehumet
Xom
Yredelemnul
Zin
The Shining One


Innate Abilities, Weirdness & Mutations

You thrive by killing the living.
You are immune to poison.
You have sharp fingernails.
Your flesh is cold resistant. (rC+)
You are immune to negative energy. (rN+++)
You do not regenerate when monsters are visible.
You are immune to unholy pain and torment.
You can survive without breathing.


Message History

You are more confused.
The orc wizard barely misses you.
You bump into the rock wall.
You hear some strange, mumbled words.
Something tries to affect you, but you resist.
You closely miss the orc wizard.
The orc wizard is moderately wounded.
You closely miss something. x2
The orc wizard hits you with a +0 dagger.
* * * LOW HITPOINT WARNING * * *
Something hits you.
* * * LOW HITPOINT WARNING * * *
Something hits you but does no damage.
Unknown command.
Unknown command.
You feel better. You block the orc wizard's attack.
Something hits you but does no damage. Something hits you.
* * * LOW HITPOINT WARNING * * *
An orc wizard appears from thin air!
Reactivating autopickup.
The orc wizard points at you and mumbles some strange words.
The magic dart hits you but does no damage.
The orc wizard casts a spell at you. You resist with some effort.
The orc wizard points at itself and mumbles some strange words.
The orc wizard flickers and vanishes!
Deactivating autopickup; reactivate with Ctrl-A.
You hear some strange, mumbled words.
Something tries to affect you, but you resist.
You hear the brisk hiss of a very distant avalanche of sand.
The orc wizard casts a spell at you. The puff of flame hits you.
* * * LOW HITPOINT WARNING * * *
Things that are here:
a +0 falchion; a +0 scale mail The orc wizard gestures at you while chanting.
There is a stone staircase leading up here.
A magic dart appears from out of thin air!
The magic dart hits you!
You die...

######.......!...$.
[.?......#.#[......
#..#...............
.........#.......#.
#..#.....#..#.####
.........o{.#..#
###########{..#.....#
..........)(..#.###.#
.........)@)..#.# .#
...........†..#.. .#
..............###
..............#
...(.....######
.........# .........#
........## ####...##


You could see an orc wizard.

Vanquished Creatures
  Sigmund (D:3)
  A sky beast (D:3)
  A kobold brigand (D:5)
  A scorpion (D:5)
  A hound (D:4)
  An orc priest (D:3)
  2 iguanas (D:4)
  4 worker ants
  7 adders
  A shadow imp (D:5)
  2 white imps (D:5)
  An adder skeleton (D:2)
  5 worms
  4 dart slugs
  3 leopard geckos
  9 orcs
  7 bats
  7 giant cockroaches
  7 goblins
  8 hobgoblins
  8 jackals
  9 kobolds
  2 ball pythons
  6 frilled lizards
  2 jackal skeletons
  A leopard gecko skeleton (D:4)
  11 rats
112 creatures vanquished.

Vanquished Creatures (others)
  5 plants (D:1)
5 creatures vanquished.

Grand Total: 117 creatures vanquished

Notes
Turn   | Place    | Note
-------+----------+-------------------------------------------
     0 | D:1      | Anon1729 the Ghoul Fighter began the quest for the Orb.
     0 | D:1      | Reached XP level 1. HP: 19/19 MP: 0/0
   150 | D:1      | Reached XP level 2. HP: 25/26 MP: 1/1
   768 | D:2      | Reached XP level 3. HP: 31/31 MP: 2/2
  1076 | D:2      | Reached XP level 4. HP: 31/40 MP: 3/3
  1333 | D:2      | Found an iron altar of Okawaru.
  1357 | D:2      | You fall into a shaft and drop 2 floors!
  1488 | D:4      | Reached XP level 5. HP: 17/46 MP: 4/4
  1733 | D:3      | Noticed Sigmund
  2286 | D:2      | You fall into a shaft and drop 2 floors!
  2424 | D:3      | Reached XP level 6. HP: 48/53 MP: 5/5
  2893 | D:3      | Killed Sigmund
  2894 | D:3      | Reached XP level 7. HP: 45/60 MP: 6/6
  3566 | D:4      | Found a staircase to the Ecumenical Temple.
  3599 | Temple   | Entered the Ecumenical Temple
  3690 | Temple   | Became a worshipper of Makhleb the Destroyer
  4472 | D:5      | Entered Level 5 of the Dungeon
  4550 | D:3      | Reached skill level 5 in Fighting
  4746 | D:5      | Reached skill level 5 in Axes
  4819 | D:5      | Killed from afar by an orc wizard

Illustrated notes

Levels and vault maps discovered:
D:1:      lightli_arrival_lavapool, layout_basic, serial_bayou,
          serial_bayou_lagoon_a, serial_bayou_pond_a, serial_bayou_pond_e,
          serial_bayou_ford_a
D:2:      layout_basic, okawaru_trees_1
D:3:      layout_loops_ring, serial_aquarium, aquarium_bridge_long_separate
          [aquarium_subvault_wall, aquarium_subvault_window,
          aquarium_subvault_bridge, aquarium_subvault_bridge,
          aquarium_subvault_window, aquarium_subvault_balcony],
          aquarium_window_1, aquarium_window_1, aquarium_window_1,
          aquarium_view_2c, aquarium_view_2a, aquarium_balcony_3a, uniq_sigmund
D:4:      layout_cave_pools, minmay_temple_entry_offerings,
          palyth_stone_intersect, chequers_garden
D:5:      layout_rooms, chequers_ossuary_entry_cave, columned_hall_lemuel,
          uniq_crazy_yiuf_cottage
Temple:   kilobyte_greek_temple

Skill      XL: |  1  2  3  4  5  6  7 |
---------------+----------------------+-----
Axes           | 2 3 4 5 |  5.2
Armour         | 3 4 |  4.3
Shields        | 3 4 |  4.3
Fighting       | 4 5 |  5.3

Action                   |  1- 3 |  4- 6 |  7- 9 || total
-------------------------+-------+-------+-------++-------
Melee: War axe           |    97 |   201 |   104 ||   402
 Fire: Hunting sling     |    11 |       |       ||    11
  Use: Potion            |       |     3 |     1 ||     4
Armor: Scale mail        |    82 |   137 |    79 ||   298
Dodge: Dodged            |    51 |    70 |    40 ||   161
Block: Kite shield       |    61 |   121 |    67 ||   249

Table legend: (Time is in decaauts)
 A = Elapsed time spent in this place.
 B = Non-inter-level travel time spent in this place.
 C = Inter-level travel time spent in this place.
 D = Time resting spent in this place.
 E = Time spent auto-exploring this place.
 F = Levels seen in this place.
 G = Mean time per level.
                   A        B        C        D        E       F      G
               +--------+--------+--------+--------+--------+-----+--------+
         Total |   5078 |   4836 |    242 |    836 |   2967 |   6 |  846.3 |
       Dungeon |   4792 |   4600 |    192 |    836 |   2746 |   5 |  958.4 |
        Temple |    285 |    235 |     50 |      0 |    221 |   1 |  285.0 |
               +--------+--------+--------+--------+--------+-----+--------+

Top non-repeatable levels by time:
     D:2: 1456 daAuts
     D:3: 1404 daAuts
     D:4: 1047 daAuts
     D:1: 768 daAuts
  Temple: 285 daAuts
     D:5: 114 daAuts
